[Event "Team 45 45 League T58"]
[Site "Internet Chess Club"]
[Date "2013.09.12"]
[Round "4"]
[White "JustinL"]
[Black "lacibacsi"]
[Result "0-1"]
[WhiteElo "2048"]
[BlackElo "1979"]
[Opening "King's Indian: Petrosian system, Stein variation"]
[ECO "E92"]
[Time "16:00:38"]
[TimeControl "2700+45"]

1. d4 Nf6 2. c4 g6 3. Nc3 Bg7 4. e4 d6 5. Nf3 O-O 6. Be2 e5 7. d5 a5 8. h3 Na6
9. Be3 Nc5 10. Bxc5 dxc5 11. Qd2 Ne8 12. g4 f5 13. gxf5 gxf5 14. Rg1 Kh8 15. Qg5
Qxg5 16. Rxg5 Nd6 17. exf5 Bxf5 18. Rg3 e4 19. Nh4 Be5 20. Nxf5 Nxf5 21. Rg4 e3
22. Ne4 exf2+ 23. Kd2 Bd4 24. Ng3 Nxg3 25. Rxg3 Bxb2 26. Rb1 Be5 27. Rf3 b6 28.
Rf1 Rxf3 29. Bxf3 Bd4 30. d6 Rd8 31. dxc7 Rc8 32. Rb1 Rxc7 33. Bd5 Re7 34. Bg2
Rg7 35. Bf1 Rg6 36. Rb3 Re6 37. Be2 Rf6 38. Bf1 Kg7 39. a4 Kf7 40. Rg3 Ke6 41.
h4 Rg6 42. Rf3 Ke5 43. Bd3 Rg2 44. Ke2 Rh2 45. Rf5+ Ke6 46. Rh5 Rh1 47. Rh6+ Ke5
48. Rh5+ Ke6 49. Rh6+ Kf7 {White resigns} 0-1

[Event "Team 45 45 League T58"]
[Site "Internet Chess Club"]
[Date "2013.09.11"]
[Round "4"]
[White "Tobiasdelmonte"]
[Black "spuzzy"]
[Result "1-0"]
[WhiteElo "1838"]
[BlackElo "1891"]
[Opening "Scotch gambit: Dubois-Réti defense"]
[ECO "C55"]
[Time "21:19:05"]
[TimeControl "2700+45"]

1. e4 e5 2. Nf3 Nc6 3. d4 exd4 4. Bc4 Nf6 5. e5 Ne4 6. O-O Be7 7. Nxd4 Nxe5 8.
Bb3 d5 9. Qh5 Bd6 10. Nf5 Bxf5 11. Qxf5 g6 12. Qh3 c6 13. Bh6 Qf6 14. Nc3 Nxc3
15. Qxc3 Qh4 16. Rfe1 O-O-O 17. Bg7 Ng4 18. Qf3 Rhg8 19. h3 Rxg7 20. hxg4 Qh2+
21. Kf1 Qf4 22. Qc3 d4 23. Qh3 Kc7 24. Re2 Qg5 25. Rae1 h5 26. Re4 hxg4 27. Rxg4
Qf6 28. Rh4 Rgg8 29. Rh7 Rdf8 30. Re6 Qf4 31. g3 Qf5 32. Qh4 Be5 33. Qe7+ Kb6
34. Rxe5 Qf3 35. Qc5+ Kc7 36. Re7+ Kb8 37. Qd6+ Ka8 38. Qc7 c5 39. Rexf7 Qd1+
40. Kg2 {Black resigns} 1-0

[Event "Team 45 45 League T58"]
[Site "Internet Chess Club"]
[Date "2013.09.14"]
[Round "4"]
[White "IshanR"]
[Black "scottk74"]
[Result "0-1"]
[WhiteElo "1884"]
[BlackElo "1670"]
[Opening "Grob: Fritz gambit"]
[ECO "A00"]
[Time "07:04:58"]
[TimeControl "2700+45"]

1. g4 d5 2. Bg2 Bxg4 3. c4 c6 4. cxd5 cxd5 5. Nc3 Nc6 6. Bxd5 Nf6 7. Bg2 e5 8.
d3 Bb4 9. Qa4 O-O 10. Bg5 Qd4 11. Qc2 Qb6 12. Bxf6 Nd4 13. Qa4 Bxc3+ 14. bxc3
Qb2 15. cxd4 Qxa1+ 16. Kd2 Qb2+ 17. Ke3 Qc1+ 18. Ke4 Qf4+ 19. Kd5 Be6+ 20. Kc5
Qc1+ 21. Kb4 a5+ {White resigns} 0-1

[Event "Team 45 45 League T58"]
[Site "Internet Chess Club"]
[Date "2013.09.11"]
[Round "4"]
[White "fireball"]
[Black "ScotchYeti"]
[Result "1/2-1/2"]
[WhiteElo "1765"]
[BlackElo "1672"]
[Opening "Sicilian: Smith-Morra gambit"]
[ECO "B21"]
[Time "16:12:28"]
[TimeControl "2700+45"]

1. e4 c5 2. d4 cxd4 3. c3 dxc3 4. Nxc3 Nc6 5. Nf3 d6 6. Bc4 e6 7. O-O Be7 8. Qe2
Nf6 9. Rd1 e5 10. Bb5 Bg4 11. Qc4 O-O 12. Bxc6 Bxf3 13. Bxb7 Bxd1 14. Bxa8 Qxa8
15. Nxd1 Qxe4 16. Qxe4 Nxe4 17. Be3 a5 18. f3 Nf6 19. Rc1 Ra8 20. Rc7 Bd8 21.
Rc6 d5 22. Bc5 Nd7 23. Ne3 Nxc5 24. Rxc5 Bb6 25. Rc3 Bxe3+ 26. Rxe3 f6 27. Rd3
d4 28. Kf2 a4 29. Ke2 Kf7 30. Kd2 Rb8 31. Kc2 Rc8+ 32. Kd2 Ke6 33. Ra3 Ra8 34.
b3 Kd5 35. Rxa4 Rxa4 36. bxa4 Kc5 37. a5 Kb5 38. a6 Kxa6 39. g4 Ka5 40. h4 g5
41. h5 h6 42. Kc2 Ka4 43. Kb2 Kb4 44. Kc2 Kc4 45. Kd2 Kb4 46. Kc2 Ka3 47. Kb1
Kb4 48. Kc2 Ka3 49. Kb1 Ka4 50. Kb2 Kb5 51. Kc2 Kc4 52. Kd2 Kd5 53. Kd3 Kc5 54.
Kc2 {Game drawn by mutual agreement} 1/2-1/2

[Event "Team 45 45 League T58"]
[Site "Internet Chess Club"]
[Date "2013.09.15"]
[Round "4"]
[White "leland"]
[Black "mmf00"]
[Result "1/2-1/2"]
[WhiteElo "1887"]
[BlackElo "1979"]
[Opening "French: Tarrasch, closed variation"]
[ECO "C05"]
[Time "19:02:11"]
[TimeControl "2700+45"]

1. e4 e6 2. d4 d5 3. Nd2 Nf6 4. e5 Nfd7 5. Ngf3 c5 6. c3 Nc6 7. Nb3 cxd4 8. cxd4
Qb6 9. Be2 a5 10. a4 Bb4+ 11. Kf1 f6 12. exf6 Nxf6 13. g3 O-O 14. Kg2 Bd6 15.
Bb5 Bd7 16. Re1 Rae8 17. Be3 Re7 18. Rc1 Be8 19. Ne5 Nb4 20. Qe2 Bxb5 21. axb5
Qd8 22. Bg5 b6 23. f4 Qe8 24. Nc6 Nxc6 25. Rxc6 Bb4 26. Rec1 a4 27. Na1 Ba5 28.
Nc2 h6 29. Bxf6 gxf6 30. Ne3 Qd7 31. Qg4+ Kh7 32. R1c2 Rg8 33. Qh5 f5 34. Nd1
Reg7 35. Qe2 Re8 36. Nf2 Qf7 37. Nd3 Qe7 38. Qe5 Qf7 39. Re2 Rg6 40. Rec2 Rg7
41. Re2 Rg6 42. Qe3 Qg8 43. Ne5 Rg7 44. Qa3 Ra8 45. Nd3 Rg6 46. Qe7+ Kh8 47.
Rexe6 Rxe6 48. Rxe6 Qg7 49. Qxg7+ Kxg7 50. Ne5 a3 51. bxa3 Bc3 52. Rxb6 Bxd4 53.
Rd6 Rxa3 54. Rxd5 Ra2+ 55. Kh3 Bxe5 56. fxe5 Rb2 57. Rc5 Kf7 58. g4 fxg4+ 59.
Kxg4 Rxh2 60. b6 Rb2 61. Rc6 h5+ 62. Kxh5 Rb5 63. Kg4 Rxe5 64. Rc7+ Kf6 65. Rc8
Rb5 66. Rb8 Kg7 67. Kf4 Kf7 68. Ke4 Ke7 69. Kd4 Kd7 70. Kc4 Rh5 {Game drawn by
mutual agreement} 1/2-1/2

[Event "Team 45 45 League T58"]
[Site "Internet Chess Club"]
[Date "2013.09.12"]
[Round "4"]
[White "divy7"]
[Black "LiangLiang"]
[Result "0-1"]
[WhiteElo "1650"]
[BlackElo "1864"]
[Opening "Four knights: Italian variation"]
[ECO "C55"]
[Time "19:21:51"]
[TimeControl "2700+45"]

1. e4 e5 2. Nf3 Nc6 3. Bc4 Nf6 4. Nc3 Bb4 5. O-O O-O 6. d3 h6 7. Nd5 d6 8. a3
Bc5 9. h3 Be6 10. Nxf6+ Qxf6 11. Bxe6 fxe6 12. Be3 Nd4 13. Bxd4 Bxd4 14. Nxd4
exd4 15. Qe2 Rf7 16. b3 Raf8 17. Rae1 Qg6 18. Kh1 e5 19. Kh2 Rf4 20. Rd1 Qf6 21.
f3 c6 22. Rf2 d5 23. exd5 cxd5 24. Kg1 e4 25. dxe4 dxe4 26. Qc4+ Kh8 27. Rdf1
Qg5 28. Kh2 Qe5 29. Kh1 e3 30. Re2 Rd8 31. Qd3 Rc8 32. Rc1 Rc3 33. Qd1 Qc5 34.
a4 d3 35. Rxe3 Qxe3 36. Kh2 Rd4 37. Kh1 dxc2 38. Qf1 Qxc1 39. Qxc1 Rd1+ 40. Qxd1
cxd1=Q+ 41. Kh2 Qe1 42. b4 Rc2 43. h4 Qxh4+ 44. Kg1 Rc1# {White checkmated} 0-1

[Event "Team 45 45 League T58"]
[Site "Internet Chess Club"]
[Date "2013.09.15"]
[Round "4"]
[White "joebobpop"]
[Black "anna"]
[Result "1/2-1/2"]
[WhiteElo "1839"]
[BlackElo "1704"]
[Opening "Ruy Lopez: Marshall counter-attack, 11...c6"]
[ECO "C89"]
[Time "16:09:04"]
[TimeControl "2700+45"]

1. e4 e5 2. Nf3 Nc6 3. Bb5 a6 4. Ba4 Nf6 5. O-O Be7 6. Re1 b5 7. Bb3 O-O 8. c3
d5 9. exd5 Nxd5 10. Nxe5 Nxe5 11. Rxe5 c6 12. Qf3 Bd6 13. Re1 Re8 14. Rxe8+ Qxe8
15. Qd1 Nf4 16. d4 Ne2+ 17. Kf1 Nxc1 18. Qxc1 Bxh2 19. Nd2 Bf4 20. Qc2 Qd8 21.
Re1 Bd7 22. Nf3 Qf6 23. Qe4 Bd6 24. Bc2 g6 25. Qh4 Qxh4 26. Nxh4 Re8 27. Nf3
Rxe1+ 28. Kxe1 f6 29. Ke2 Kf7 30. Bb3+ Kf8 31. Ke3 g5 32. d5 c5 33. c4 b4 34. g3
Bg4 35. Ne1 Be5 36. Nd3 Bd4+ 37. Kd2 Bf5 38. Bc2 Bxd3 39. Bxd3 Bxf2 40. g4 Bg3
41. Bxh7 Be5 42. b3 Ke7 43. Bf5 Bc7 44. Ke3 Be5 45. Ke4 Kd6 46. Bc8 a5 47. Bf5
Kc7 48. Be6 {Game drawn by mutual agreement} 1/2-1/2

[Event "Team 45 45 League T58"]
[Site "Internet Chess Club"]
[Date "2013.09.15"]
[Round "4"]
[White "Nxs123"]
[Black "DouDou"]
[Result "1-0"]
[WhiteElo "1564"]
[BlackElo "1824"]
[Opening "two knights: Max Lange attack, Steinitz variation"]
[ECO "C55"]
[Time "19:30:09"]
[TimeControl "2700+45"]

1. e4 e5 2. Nf3 Nc6 3. d4 exd4 4. Bc4 Nf6 5. O-O Bc5 6. e5 Ng4 7. h3 Nh6 8. Nbd2
O-O 9. Nb3 Bb6 10. Bxh6 gxh6 11. Re1 Re8 12. a4 a5 13. Qd2 Kg7 14. Qf4 Qe7 15.
Qf6+ Qxf6 16. exf6+ Kf8 17. Rxe8+ Kxe8 18. Re1+ Kf8 19. Ne5 Nd8 20. Ng4 Ne6 21.
Nxh6 c6 22. Bxe6 dxe6 23. Re4 c5 24. Rg4 Ke8 25. Rg8+ Kd7 26. Nxf7 c4 27. Ne5+
Kc7 28. Nxc4 Ra6 29. f7 {Black resigns} 1-0

[Event "Team 45 45 League T58"]
[Site "Internet Chess Club"]
[Date "2013.09.16"]
[Round "4"]
[White "fledermaus"]
[Black "Greedy-Reedy"]
[Result "1/2-1/2"]
[WhiteElo "1906"]
[BlackElo "1977"]
[Opening "English opening"]
[ECO "A30"]
[Time "13:05:44"]
[TimeControl "2700+45"]

1. Nf3 Nf6 2. c4 c5 3. g3 d5 4. cxd5 Nxd5 5. d4 cxd4 6. Nxd4 Nb4 7. Qa4+ N4c6 8.
Nxc6 Nxc6 9. Bg2 Bd7 10. Nc3 e5 11. O-O Be7 12. Nd5 O-O 13. Be3 Nb4 14. Nxe7+
Qxe7 15. Qa3 Bc6 16. Rfc1 Bxg2 17. Bc5 Qe6 18. Kxg2 Qd5+ 19. Kg1 Nc6 20. Bxf8
Rxf8 21. Qb3 {Game drawn by mutual agreement} 1/2-1/2

[Event "Team 45 45 League T58"]
[Site "Internet Chess Club"]
[Date "2013.09.13"]
[Round "4"]
[White "TwoEqualsOne"]
[Black "jonesey"]
[Result "1-0"]
[WhiteElo "1798"]
[BlackElo "1801"]
[Opening "Queen's pawn game"]
[ECO "A32"]
[Time "17:00:38"]
[TimeControl "2700+45"]

1. d4 Nf6 2. c4 e6 3. Nc3 c5 4. Nf3 cxd4 5. Nxd4 a6 6. e4 Bb4 7. Bd3 d6 8. Qa4+
Nc6 9. Nxc6 Bxc3+ 10. bxc3 Qd7 11. Ba3 Ng4 12. Qb4 Qxc6 13. Qxd6 Qxd6 14. Bxd6
Bd7 15. f3 Nf6 16. e5 Ng8 17. Be4 O-O-O 18. Rb1 b5 19. a4 f5 20. Bd3 Be8 21.
cxb5 axb5 22. Bxb5 Nh6 23. Bxe8 Rhxe8 24. a5 {Black resigns} 1-0

[Event "Team 45 45 League T58"]
[Site "Internet Chess Club"]
[Date "2013.09.15"]
[Round "4"]
[White "gcl"]
[Black "flyingpawns"]
[Result "1-0"]
[WhiteElo "1687"]
[BlackElo "1747"]
[Opening "French: Steinitz variation"]
[ECO "C11"]
[Time "14:15:03"]
[TimeControl "2700+45"]

1. e4 e6 2. d4 d5 3. Nc3 Nf6 4. e5 Nfd7 5. Nf3 c5 6. dxc5 Bxc5 7. Bd3 Nc6 8. Bf4
a6 9. Qe2 Qc7 10. O-O-O b5 11. Rhe1 Bb7 12. Ng5 h6 13. Qh5 Nf8 14. Bg3 g6 15.
Qh3 O-O-O 16. Nf3 Nd7 17. Nxd5 Qa5 18. Nc3 b4 19. Nb1 Qxa2 20. Nfd2 Bd4 21. Nc4
Nb6 22. Nd6+ Rxd6 23. exd6 Qxb2+ 24. Kd2 Bc3+ 25. Nxc3 Qxc3+ 26. Ke2 Nd5 27.
Bxg6 Nd4+ 28. Kf1 fxg6 29. Rxd4 Qxd4 30. Qxe6+ Kd8 31. Be5 Qc4+ 32. Kg1 Rf8 33.
Bf6+ Nxf6 34. Qxc4 {Black resigns} 1-0

[Event "Team 45 45 League T58"]
[Site "Internet Chess Club"]
[Date "2013.09.15"]
[Round "4"]
[White "latayvia"]
[Black "kabindra"]
[Result "1-0"]
[WhiteElo "1773"]
[BlackElo "1789"]
[Opening "King's Indian: 5.Nf3"]
[ECO "E90"]
[Time "12:00:49"]
[TimeControl "2700+45"]

1. d4 Nf6 2. c4 g6 3. Nc3 Bg7 4. e4 d6 5. Nf3 O-O 6. h3 e5 7. d5 Na6 8. Bg5 Qe8
9. g4 Nc5 10. Nd2 a5 11. Be2 h6 12. Be3 Nh7 13. Nf1 Bd7 14. Qd2 g5 15. h4 f6 16.
Ng3 Qc8 17. Nf5 Bxf5 18. gxf5 c6 19. Bxc5 dxc5 20. Na4 cxd5 21. Qxd5+ Kh8 22.
Nb6 Qc7 23. Nxa8 Rxa8 24. O-O-O Nf8 25. hxg5 fxg5 26. Qd6 Qf7 27. Rd5 b6 28. Bh5
Qf6 29. Qxf6 Bxf6 30. Rd6 Kg7 31. Rxb6 Rd8 32. Rd1 g4 33. Rxd8 Bxd8 34. Rb7+ Kh8
35. Kc2 Bg5 36. Bxg4 Nh7 37. Rc7 Nf6 38. Bf3 h5 39. Rxc5 Bf4 40. Rxa5 Ng4 41.
Bxg4 hxg4 42. Ra6 Kg7 43. Rg6+ {Black resigns} 1-0

[Event "Team 45 45 League T58"]
[Site "Internet Chess Club"]
[Date "2013.09.16"]
[Round "4"]
[White "Cryptochess"]
[Black "kyoroogi"]
[Result "0-1"]
[WhiteElo "2097"]
[BlackElo "2157"]
[Opening "French: MacCutcheon, Janowski variation"]
[ECO "C12"]
[Time "15:58:04"]
[TimeControl "2700+45"]

1. e4 e6 2. d4 d5 3. Nc3 Nf6 4. Bg5 Bb4 5. e5 h6 6. Be3 Ne4 7. Qg4 Kf8 8. a3
Bxc3+ 9. bxc3 Nxc3 10. Bd3 Nc6 11. Kd2 Na4 12. Ne2 f5 13. exf6 Qxf6 14. Nf4 Ne7
15. Qg3 Nb2 16. Ne2 Nxd3 17. cxd3 c5 18. Qd6 Kg8 19. g4 Nc6 20. Qxc5 Kh7 21. h4
Bd7 22. g5 Qd8 23. gxh6 gxh6 24. Qd6 Ne7 25. Ng3 Rc8 26. Nh5 Rf8 27. Qe5 Nf5 28.
Rhg1 Rf7 29. Rg4 Qa5+ 30. Ke2 Rc2+ 31. Kf1 Nxe3+ 32. Qxe3 Rcxf2+ 33. Kg1 R2f5
34. Ng3 Rf3 35. Qe5 Qd2 36. Re1 Qf2+ 37. Kh1 Rxd3 38. Rf1 Rd1 39. Rxd1 Qf3+ 40.
Kh2 Qxg4 41. Rd2 Qxh4+ 42. Kg2 Qg5 43. Qe1 h5 44. Kh1 Rf6 45. Rh2 Be8 46. Ne2
Bg6 47. Ng3 Kg7 48. Rg2 h4 49. Qe5 Qxe5 50. dxe5 Rf3 51. Nh5+ Kf7 52. Nf6 Rxf6
{White resigns} 0-1

[Event "Team 45 45 League T58"]
[Site "Internet Chess Club"]
[Date "2013.09.11"]
[Round "4"]
[White "Otelo"]
[Black "SolaFide"]
[Result "0-1"]
[WhiteElo "1777"]
[BlackElo "1788"]
[Opening "Ruy Lopez: Schliemann defense"]
[ECO "C63"]
[Time "23:36:33"]
[TimeControl "2700+45"]

1. e4 e5 2. Nf3 Nc6 3. Bb5 f5 4. d3 fxe4 5. dxe4 Nf6 6. O-O Bc5 7. Nc3 d6 8. Bg5
O-O 9. Nd5 Kh8 10. c3 Ne7 11. Nxf6 gxf6 12. Bh6 Rg8 13. a4 Bh3 14. Ne1 Rg6 15.
Bd2 Qg8 16. Qf3 Bg4 17. Qd3 Be6 18. b4 a6 19. bxc5 axb5 20. cxd6 Bc4 21. Qf3
Bxf1 22. dxe7 Bc4 23. a5 Qe6 24. g3 Qxe7 25. Ng2 Rd8 26. Be3 Rd3 27. Nh4 Rg8 28.
Qh5 Qg7 29. h3 Rxe3 30. Nf5 Rxg3+ 31. fxg3 Qg6 32. Qf3 Be6 33. Kh2 Bxf5 34. exf5
Qg5 35. g4 Qd2+ 36. Kg3 Rd8 37. Kh4 Rd3 38. Qxb7 Qg5# {White checkmated} 0-1

[Event "Team 45 45 League T58"]
[Site "Internet Chess Club"]
[Date "2013.09.15"]
[Round "4"]
[White "The7thGuest"]
[Black "alexping"]
[Result "1/2-1/2"]
[WhiteElo "2018"]
[BlackElo "1825"]
[Opening "French: Winawer, advance, Bogolyubov variation"]
[ECO "C17"]
[Time "11:00:31"]
[TimeControl "2700+45"]

1. e4 e6 2. d4 d5 3. Nc3 Bb4 4. e5 c5 5. Bd2 cxd4 6. Nb5 Bxd2+ 7. Qxd2 Nc6 8. f4
a6 9. Nxd4 Qb6 10. O-O-O Nxd4 11. Qxd4 Qxd4 12. Rxd4 Ne7 13. Nf3 Nc6 14. Rd2 Bd7
15. g3 b5 16. Nd4 Ke7 17. Nxc6+ Bxc6 18. Bg2 Rhc8 19. b3 Be8 20. Re1 Ra7 21. Kb2
a5 22. a3 Rac7 23. Bf1 b4 24. axb4 axb4 25. Ra1 f6 26. exf6+ gxf6 27. Bd3 Bg6
28. f5 exf5 29. Ra5 Rc5 30. Rb5 Rxb5 31. Bxb5 f4 32. gxf4 Rc3 33. Be2 Kd6 34.
Bd1 Be4 35. Rf2 Rh3 36. Be2 Kc5 37. Bf1 Rc3 38. Bg2 Kd4 39. Bxe4 Kxe4 40. Rg2
Rf3 41. Rg7 Rxf4 42. Rxh7 f5 43. h4 Kd4 44. h5 Ke5 45. Rh8 Rh4 46. h6 Kf6 47. h7
Kg7 48. Rd8 Kxh7 49. Rxd5 Kg6 50. c4 f4 51. Kc2 Rh3 52. Rb5 f3 53. Kd3 f2+ 54.
Ke2 Rxb3 55. Kxf2 Kf6 {Game drawn by mutual agreement} 1/2-1/2

[Event "Team 45 45 League T58"]
[Site "Internet Chess Club"]
[Date "2013.09.15"]
[Round "4"]
[White "bobhill"]
[Black "byebyebadman"]
[Result "1-0"]
[WhiteElo "1935"]
[BlackElo "1840"]
[Opening "Old Benoni defense"]
[ECO "A46"]
[Time "16:08:37"]
[TimeControl "2700+45"]

1. d4 Nf6 2. Nf3 c5 3. d5 e6 4. dxe6 fxe6 5. c3 Be7 6. Bg5 Nc6 7. Nbd2 d5 8. e3
O-O 9. Bd3 e5 10. e4 d4 11. cxd4 cxd4 12. O-O h6 13. Bh4 Be6 14. a3 Rc8 15. Rc1
Nh5 16. Bxe7 Qxe7 17. Nxd4 Nxd4 18. Qxh5 Rxc1 19. Rxc1 Rc8 20. Rxc8+ Bxc8 21.
Bc4+ Kh8 22. Nf3 Nxf3+ 23. Qxf3 Qf6 24. Qxf6 gxf6 25. f3 Kg7 26. Kf2 Bd7 27. h3
h5 28. h4 Kf8 29. Ke3 Ke7 30. Be2 Be6 31. f4 Kd6 32. Bxh5 {Black resigns} 1-0

[Event "Team 45 45 League T58"]
[Site "Internet Chess Club"]
[Date "2013.09.19"]
[Round "4"]
[White "chess9793"]
[Black "steadman"]
[Result "1/2-1/2"]
[WhiteElo "2072"]
[BlackElo "2102"]
[Opening "Sicilian defense"]
[ECO "B44"]
[Time "19:06:58"]
[TimeControl "2700+45"]

1. e4 c5 2. Nf3 e6 3. d4 cxd4 4. Nxd4 Nc6 5. Nxc6 bxc6 6. Bd3 Nf6 7. O-O d5 8.
Qe2 Be7 9. Nd2 O-O 10. b3 a5 11. a4 Qb6 12. Bb2 Ba6 13. Bxa6 Qxa6 14. Rfe1 Qxe2
15. Rxe2 Rfe8 {Game drawn by mutual agreement} 1/2-1/2

[Event "Team 45 45 League T58"]
[Site "Internet Chess Club"]
[Date "2013.09.14"]
[Round "4"]
[White "CHENENE"]
[Black "Stryker672"]
[Result "1/2-1/2"]
[WhiteElo "1624"]
[BlackElo "2059"]
[Opening "Ruy Lopez: Berlin defense, Beverwijk variation"]
[ECO "C64"]
[Time "18:08:55"]
[TimeControl "2700+45"]

1. e4 e5 2. Nf3 Nc6 3. Bb5 Bc5 4. O-O Nf6 5. Re1 Ng4 6. Re2 Nd4 7. Nxd4 Bxd4 8.
h3 Nxf2 9. Rxf2 Bxf2+ 10. Kxf2 Qf6+ 11. Ke1 Qh4+ 12. Kf1 Qxe4 13. d3 Qg6 14. Qe2
Qf6+ 15. Qf2 Qe7 16. Nc3 c6 17. Bc4 O-O 18. Bd2 d6 19. Re1 b5 20. Bb3 a5 21. a4
b4 22. Ne2 Be6 23. Nc1 Qc7 24. Kg1 Rae8 25. Re2 c5 26. Qf3 c4 27. dxc4 Bxc4 28.
Bxc4 Qxc4 29. Qd3 Qc6 30. Nb3 e4 31. Qd4 Qxa4 32. Qxd6 Qb5 33. Nd4 Qh5 34. Qf4
f5 35. b3 Rf7 36. Be3 h6 37. Qd6 g5 38. Bf2 f4 39. Qd5 e3 40. Be1 Re7 41. Qd8+
Kh7 42. Qxa5 Rd7 43. Nf3 Rc7 44. Qxb4 Rfd7 45. c4 Rd1 46. c5 Rc1 47. Qe4+ Qg6
48. Qxg6+ Kxg6 49. b4 Kf5 50. Rb2 h5 51. Kf1 g4 52. Nd4+ Ke4 53. Nb5 Rh7 54.
Nd6+ Kd4 55. Rb3 {Game drawn by mutual agreement} 1/2-1/2

[Event "Team 45 45 League T58"]
[Site "Internet Chess Club"]
[Date "2013.09.15"]
[Round "4"]
[White "hood"]
[Black "CaoCao"]
[Result "0-1"]
[WhiteElo "1748"]
[BlackElo "1851"]
[Opening "Ruy Lopez: Schliemann defense, Berger variation"]
[ECO "C63"]
[Time "22:31:16"]
[TimeControl "2700+45"]

1. e4 e5 2. Nf3 Nc6 3. Bb5 f5 4. Nc3 fxe4 5. Nxe4 d5 6. Nxe5 dxe4 7. Nxc6 Qg5 8.
Qe2 Nf6 9. Nxa7+ c6 10. Nxc6 Bd7 11. Nd4 Qxg2 12. Bxd7+ Nxd7 13. Qf1 Qg6 14. d3
Bc5 15. Nb3 O-O 16. d4 Bb4+ 17. c3 Bd6 18. h4 Qe6 19. Be3 Qxb3 20. Qh3 Qf7 21.
a3 Nf6 22. O-O-O Qb3 23. Rhg1 Rxa3 24. bxa3 Qxc3+ 25. Kb1 Qb3+ 26. Kc1 Bxa3+ 27.
Kd2 Qd3+ 28. Ke1 Bb4+ 29. Bd2 Bxd2+ 30. Rxd2 Qxh3 {White resigns} 0-1

[Event "Team 45 45 League T58"]
[Site "Internet Chess Club"]
[Date "2013.09.15"]
[Round "4"]
[White "Baseta"]
[Black "hi12980"]
[Result "1-0"]
[WhiteElo "1806"]
[BlackElo "1716"]
[Opening "King's Indian, 3.Nf3"]
[ECO "D74"]
[Time "15:00:23"]
[TimeControl "2700+45"]

1. Nf3 Nf6 2. c4 g6 3. d4 Bg7 4. g3 O-O 5. Bg2 d5 6. cxd5 Nxd5 7. Nc3 Nxc3 8.
bxc3 c5 9. O-O Nc6 10. e3 Bg4 11. h3 Bf5 12. Nh4 Bd7 13. Rb1 Rb8 14. Nf3 Bf5 15.
Rb5 c4 16. Ne1 Na5 17. e4 Bd7 18. Rb1 b6 19. Bf4 Rc8 20. Nf3 e6 21. Qd2 Qe7 22.
Ne5 f6 23. Nxd7 Qxd7 24. Rfd1 Rfd8 25. Be3 Qf7 26. h4 e5 27. d5 Bf8 28. Bh3 Rc7
29. Be6 Qxe6 30. dxe6 Rxd2 31. Rxd2 Rc6 32. Rd8 Kg7 33. Rd7+ Kg8 34. e7 {Black
resigns} 1-0

[Event "Team 45 45 League T58"]
[Site "Internet Chess Club"]
[Date "2013.09.15"]
[Round "4"]
[White "sidbuddha"]
[Black "yummy2"]
[Result "1/2-1/2"]
[WhiteElo "2346"]
[BlackElo "2327"]
[Opening "Ruy Lopez: Cozio defense deferred"]
[ECO "C70"]
[Time "23:00:15"]
[TimeControl "2700+45"]

1. e4 e5 2. Nf3 Nc6 3. Bb5 a6 4. Ba4 Nge7 5. O-O g6 6. c3 Bg7 7. d4 exd4 8. cxd4
b5 9. Bb3 O-O 10. Nc3 d6 11. Bg5 h6 12. Be3 Na5 13. Qd2 Kh7 14. d5 f5 15. Bd4
Bxd4 16. Qxd4 Bb7 17. Rfe1 Nxb3 18. axb3 fxe4 19. Qxe4 Nf5 20. b4 Qf6 21. Rad1
Qf7 22. Qc2 Rae8 23. Ne4 Kg8 24. Qd2 Re7 25. Nc3 Rfe8 26. Rxe7 Rxe7 27. h3 Kh7
28. Qf4 Ng7 29. Qh4 Nh5 30. g4 g5 31. Qxg5 hxg5 32. Nxg5+ Kh6 33. Nxf7+ Rxf7 34.
gxh5 Rf4 35. Na2 Kxh5 36. Rd3 Kh4 37. Kg2 Bc8 38. Rf3 Rd4 39. Rf7 Bb7 40. Nc3
Bxd5+ 41. Nxd5 Rxd5 42. Rh7+ Kg5 43. Rxc7 Rd4 44. Rc6 Rxb4 45. Rxa6 Rxb2 46.
Rxd6 Rb3 47. Rd5+ Kh4 48. Rd4+ Kg5 49. f3 Rb1 50. Rg4+ Kh5 51. f4 b4 52. Rg8 b3
53. Rb8 Kg6 54. Rb5 b2 55. h4 Rc1 56. Rxb2 Kh5 57. Kf3 Rc3+ 58. Ke4 Kxh4 59. Rg2
Kh5 60. f5 Rc1 61. f6 Rf1 62. Ke5 Kh6 63. Ke6 Ra1 64. Re2 Kg6 65. Rg2+ Kh6 66.
Ke5 Ra5+ 67. Kd6 Ra6+ 68. Ke7 Ra7+ 69. Ke8 Ra8+ 70. Kd7 Ra7+ 71. Kd8 Rf7 {Game
drawn by mutual agreement} 1/2-1/2

[Event "Team 45 45 League T58"]
[Site "Internet Chess Club"]
[Date "2013.09.14"]
[Round "4"]
[White "ARuperez"]
[Black "xwang1"]
[Result "1-0"]
[WhiteElo "2151"]
[BlackElo "2089"]
[Opening "Giuoco Piano: Anderssen variation"]
[ECO "C54"]
[Time "11:45:29"]
[TimeControl "2700+45"]

1. e4 e5 2. Nf3 Nc6 3. Bc4 Bc5 4. c3 Nf6 5. d4 exd4 6. e5 d5 7. Bb5 Ne4 8. cxd4
Bb4+ 9. Bd2 Nxd2 10. Nbxd2 O-O 11. O-O Ne7 12. a3 Ba5 13. Rc1 c6 14. Bd3 Ng6 15.
Qc2 Bb6 16. h3 Qe8 17. Nb3 h6 18. Qd2 a5 19. Bb1 Bc7 20. Qc2 f5 21. exf6 Rxf6
22. Rfe1 Qf8 23. Nc5 b6 24. Nd3 Bf5 25. Qd2 Be4 26. Nde5 Nxe5 27. Nxe5 Rd8 28.
Bxe4 dxe4 29. Qc2 c5 30. Rxe4 Bxe5 31. dxe5 Rg6 32. Rd1 Re8 33. Qc4+ Kh7 34. Rd7
Qf3 35. Rg4 Qf5 36. Rxg6 Qxg6 37. f4 Rf8 38. e6 Qf5 39. e7 Re8 40. Rd8 Qb1+ 41.
Kh2 Rxe7 42. Qg8+ Kg6 43. Rd6+ Kh5 44. Qd5+ g5 45. g4+ Kh4 46. Rxh6# {Black
checkmated} 1-0

[Event "Team 45 45 League T58"]
[Site "Internet Chess Club"]
[Date "2013.09.13"]
[Round "4"]
[White "HematiteBrown"]
[Black "dmarcolino"]
[Result "1-0"]
[WhiteElo "2021"]
[BlackElo "1920"]
[Opening "French: Tarrasch"]
[ECO "C03"]
[Time "12:01:21"]
[TimeControl "2700+45"]

1. e4 e6 2. d4 d5 3. Nd2 Be7 4. Bd3 c5 5. Ngf3 cxd4 6. Nxd4 Nc6 7. Nxc6 bxc6 8.
O-O Nf6 9. e5 Nd7 10. Qg4 Nxe5 11. Qxg7 Bf6 12. Qg3 Nxd3 13. cxd3 h5 14. h3 h4
15. Qf4 e5 16. Re1 Kf8 17. Qb4+ Kg7 18. Nf3 Re8 19. Qd2 Kg8 20. Qh6 Bf5 21. Bg5
Bxg5 22. Nxg5 f6 23. Nf3 Bxd3 24. Re3 Be4 25. Nxh4 Kf7 26. Qh5+ Ke7 27. Rxe4
dxe4 28. Rd1 Qc8 29. Nf5+ Ke6 30. Rd6# {Black checkmated} 1-0

[Event "Team 45 45 League T58"]
[Site "Internet Chess Club"]
[Date "2013.09.17"]
[Round "4"]
[White "NFork"]
[Black "waelag"]
[Result "1-0"]
[WhiteElo "2136"]
[BlackElo "2033"]
[Opening "Nimzovich-Larsen attack: English variation"]
[ECO "A01"]
[Time "12:02:37"]
[TimeControl "2700+45"]

1. b3 c5 2. Bb2 Nc6 3. Nf3 d6 4. d4 cxd4 5. Nxd4 Nh6 6. e4 Ng4 7. Be2 Nge5 8. f4
Ng6 9. O-O Bd7 10. Nf5 e5 11. fxe5 Bxf5 12. exf5 Ngxe5 13. Nc3 Be7 14. Nd5 Bg5
15. Bc1 Bf6 16. Ba3 Bg5 17. Kh1 Qa5 18. Bc1 Bxc1 19. Rxc1 O-O-O 20. Rf4 Rde8 21.
f6 g5 22. Ra4 Qc5 23. Qd2 Kb8 24. c3 Ng6 25. Bf1 Re5 26. Rd1 b5 27. Rg4 h6 28.
Nb4 Nxb4 29. Rxb4 a6 30. a4 {Black resigns} 1-0

[Event "Team 45 45 League T58"]
[Site "Internet Chess Club"]
[Date "2013.09.13"]
[Round "4"]
[White "Campagnolo"]
[Black "f5"]
[Result "0-1"]
[WhiteElo "2063"]
[BlackElo "2151"]
[Opening "QGD Slav: 3.Nf3"]
[ECO "D11"]
[Time "21:01:21"]
[TimeControl "2700+45"]

1. Nf3 d5 2. d4 c6 3. c4 e6 4. Bf4 Nf6 5. g3 Nbd7 6. Qc2 Be7 7. Bg2 O-O 8. O-O
c5 9. dxc5 Nxc5 10. Nbd2 b6 11. Rfd1 Bb7 12. b4 Ncd7 13. a3 a5 14. Rab1 axb4 15.
axb4 Qc8 16. Rdc1 dxc4 17. Qxc4 Qxc4 18. Rxc4 Rfc8 19. Ne5 Bxg2 20. Kxg2 b5 21.
Rxc8+ Rxc8 22. Nxd7 Nxd7 23. Ne4 e5 24. Rd1 Nf6 25. Nxf6+ gxf6 26. Bh6 Rb8 27.
Rb1 f5 28. h4 f6 29. Bd2 Rc8 30. Rb2 Rc4 31. Kf3 h5 32. e3 Kf7 33. Ke2 Ke6 34.
Rb3 Bd6 35. Bc3 f4 36. exf4 exf4 37. Kf3 f5 38. Bd2 fxg3 39. fxg3 Rd4 40. Be1
Rg4 41. Re3+ Kd5 42. Rd3+ Rd4 43. Ke3 f4+ 44. gxf4 Bxf4+ 45. Ke2 Ke4 46. Ra3 Bd6
47. Ra5 Rd5 48. Ra8 Kd4 49. Rc8 Re5+ 50. Kd1 Rd5 51. Kc2 Ke3 52. Re8+ Kf3 53.
Re6 Be5 54. Rh6 Ke2 55. Bc3 Bg3 56. Re6+ Kf3 57. Bf6 Rd6 58. Rxd6 Bxd6 59. Kb3
Bg3 {White resigns} 0-1